VEGAS vs TORONTO

Created - February-28-21 at 18:37

Goals
1 2 3 T
VEGAS 3 1 0 4
TORONTO 1 0 1 2
Shots
1 2 3 T
VEGAS 6 15 3 24
TORONTO 5 5 16 26

1st period

1. VEGAS , Nick Holden 3 (Josh Anderson 6, Michael Grabner 7) at 10:04 (PP)
2. TORONTO , Ondrej Palat 8 (Joe Pavelski 11, Brayden Point 10) at 10:46
3. VEGAS , Jack Johnson 1 (Oliver Bjorkstrand 20, Sam Reinhart 22) at 12:31 (PP)
4. VEGAS , Brock Nelson 24 (Sam Reinhart 23, Slater Koekkoek 7) at 16:24

Penalties :
Joe Pavelski (TOR) for Hooking (Minor) at 8:33, Josh Morrissey (TOR) for Hooking (Minor) at 11:38

2nd period

5. VEGAS , Josh Anderson 5 (Michael Grabner 8, Kyle Turris 8) at 5:24

Penalties :
Jordie Benn (TOR) for Tripping (Minor) at 14:52, Josh Morrissey (TOR) for Hooking (Minor) at 16:52

3rd period

6. TORONTO , Brady Tkachuk 7 (Alex Pietrangelo 9, Mark Scheifele 13) at 16:42

Penalties :
Nikita Zadorov (VGK) for Hooking (Minor) at 0:49, Nick Holden (VGK) for Hooking (Minor) at 10:49, Josh Anderson (VGK) for Hooking (Minor) at 14:02

Goalie Stats

Braden Holtby (VGK), 24 saves from 26 shots - (0.923), W, 16-12-1, 60:00 minutes
Anton Khudobin (TOR), 17 saves from 18 shots - (0.944), 43:36 minutes
Jonathan Quick (TOR), 3 saves from 6 shots - (0.500), L, 4-2-1, 16:24 minutes

Players Stats for VEGAS

Player Name              G  A  P  +/- PIM S  H  SB GA TA FO     MP     PP MP  PK MP  
------------------------------------------------------------------------------------
Alexander Kerfoot        0  0  0  -1  0   1  0  0  0  0  7/15   13:14   0:00   0:00 
Brent Seabrook           0  0  0   1  0   1  0  0  0  0  0/0    22:24   3:02   3:22 
Brock Nelson             1  0  1   1  0   3  0  0  0  0  11/20  20:47   3:16   4:20 
Devon Toews              0  0  0   0  0   0  1  1  0  0  0/0    16:27   0:00   0:07 
Jack Johnson             1  0  1   1  0   3  3  3  0  0  0/0    22:24   3:02   3:22 
Jayce Hawryluk           0  0  0  -1  0   1  1  0  0  0  1/2    13:18   0:00   0:04 
Josh Anderson            1  1  2   1  2   1  4  0  0  0  0/1    16:50   3:06   0:00 
Kyle Turris              0  1  1   1  0   2  0  0  0  0  11/19  18:19   3:06   1:28 
Matt Luff                0  0  0  -1  0   0  1  0  0  0  0/0     7:31   0:00   0:00 
Max Comtois              0  0  0  -1  0   0  1  0  0  0  0/0    13:14   0:00   0:00 
Michael Grabner          0  2  2   1  0   4  0  1  0  0  0/3    16:51   3:06   0:00 
Mikhail Grigorenko       0  0  0  -1  0   0  1  0  0  0  0/0     7:31   0:00   0:00 
Nick Holden              1  0  1  -1  2   2  0  2  0  0  0/0    21:22   3:20   1:42 
Nikita Zadorov           0  0  0  -1  2   0  4  0  0  0  0/0    20:19   3:20   1:39 
Oliver Bjorkstrand       0  1  1   1  0   2  0  0  0  0  0/1    17:55   3:16   1:28 
Sam Reinhart             0  2  2   1  0   3  0  0  0  0  3/3    20:40   3:16   4:13 
Slater Koekkoek          0  1  1   0  0   0  2  0  0  0  0/0    16:58   0:00   1:38 
Victor Rask              0  0  0  -1  0   1  0  0  0  0  4/6     7:56   0:00   0:25 

Players Stats for TORONTO

Player Name              G  A  P  +/- PIM S  H  SB GA TA FO     MP     PP MP  PK MP  
------------------------------------------------------------------------------------
Alex Pietrangelo         0  1  1   0  0   1  2  1  0  0  0/0    25:11   3:23   3:42 
Brady Tkachuk            1  0  1   0  0   4  4  0  0  0  1/1    18:18   3:08   0:08 
Brayden Point            0  1  1   1  0   1  0  0  0  0  3/14   18:02   2:49   0:00 
Curtis Lazar             0  0  0  -1  0   1  0  1  0  0  2/5     6:24   0:00   0:00 
Ethan Bear               0  0  0   0  0   0  3  0  0  0  0/0    18:09   0:00   2:58 
Jeff Skinner             0  0  0   0  0   6  0  0  0  0  1/1    18:10   3:08   0:00 
Joe Pavelski             0  1  1   1  2   2  2  0  0  0  5/9    19:29   3:08   1:09 
Jordan Martinook         0  0  0  -1  0   0  1  0  0  0  0/0     8:23   0:00   1:59 
Jordie Benn              0  0  0   0  2   0  0  0  0  0  0/0    16:38   0:00   1:50 
Josh Morrissey           0  0  0   0  4   1  4  0  0  0  0/0    19:27   2:34   0:08 
Justin Williams          0  0  0   0  0   0  0  0  0  0  0/0    11:02   0:00   0:00 
Kevin Shattenkirk        0  0  0   0  0   0  1  0  0  0  0/0    17:47   3:23   0:00 
Mark Scheifele           0  1  1   0  0   4  1  0  0  0  17/29  21:40   2:49   3:49 
Matt Niskanen            0  0  0   0  0   2  3  0  0  0  0/0    22:45   2:34   4:06 
Nick Suzuki              0  0  0   0  0   1  0  0  0  0  4/9    12:30   0:00   1:28 
Ondrej Palat             1  0  1   1  0   2  1  0  0  0  0/2    22:13   2:49   4:11 
Oskar Lindblom           0  0  0   0  0   1  1  0  0  0  0/0    11:02   0:00   0:00 
Ryan Reaves              0  0  0  -1  0   0  0  0  0  0  0/0     6:24   0:00   0:00 

3 Stars

1 - Josh Anderson (VGK)
2 - Jack Johnson (VGK)
3 - Michael Grabner (VGK)

Power Play

VEGAS - 2 on 4 Attempt(s) - 50.00%
TORONTO - 0 on 3 Attempt(s) - 0.00%

Penalty Kill

VEGAS - 3 on 3 Attempt(s) - 100.00% - Score 0 goal in Penalty Kill
TORONTO - 2 on 4 Attempt(s) - 50.00% - Score 0 goal in Penalty Kill

Team Stat

VEGAS - Hits : 18 - Faceoff Wins : 37 - Blocked Shots : 7 - Penalty Minutes : 6
TORONTO - Hits : 23 - Faceoff Wins : 33 - Blocked Shots : 2 - Penalty Minutes : 8

Official

Referees : Kevin Pollock and Conor O'Donnell
Linesman : Darren Gibbs and Glen Cooke

Game Notes

Anton Khudobin enters game at 16:24 of 1st period

Finance

Level 1 -- Attendance: 5876 (97.93%) -- Ticket Income $399,568
Level 2 -- Attendance: 4514 (90.28%) -- Ticket Income $248,270
Level 3 -- Attendance: 1879 (93.95%) -- Ticket Income $58,249
Level 4 -- Attendance: 2801 (70.03%) -- Ticket Income $61,622
Luxury Box -- Attendance: 933 (93.30%) -- Ticket Income $125,955
Game was played at the Air Canada Center.
Total Attendance: 16003 (88.91%)
Total Ticket Income: $893,664
Total Income: $893,664

VEGAS

5 vs 5 Forward 
   Center                   Left Wing                Right Wing               Time % Phy DF OF 
 1 Brock Nelson             Oliver Bjorkstrand       Sam Reinhart             35     1   2  2  
 2 Kyle Turris              Michael Grabner          Josh Anderson            30     1   2  2  
 3 Alexander Kerfoot        Max Comtois              Jayce Hawryluk           25     1   2  2  
 4 Victor Rask              Mikhail Grigorenko       Matt Luff                10     1   2  2  

5 vs 5 Defense 
   Defense                  Defense                                           Time % Phy DF OF 
 1 Brent Seabrook           Jack Johnson                                      35     1   2  2  
 2 Nikita Zadorov           Nick Holden                                       30     1   2  2  
 3 Devon Toews              Slater Koekkoek                                   25     1   2  2  
 4 Brent Seabrook           Jack Johnson                                      10     1   2  2  

PowerPlay Forward 
   Center                   Left Wing                Right Wing               Time % Phy DF OF 
 1 Brock Nelson             Oliver Bjorkstrand       Sam Reinhart             60     1   2  2  
 2 Kyle Turris              Michael Grabner          Josh Anderson            40     1   2  2  

PowerPlay Defense
   Defense                  Defense                                           Time % Phy DF OF 
 1 Brent Seabrook           Jack Johnson                                      60     1   2  2  
 2 Nikita Zadorov           Nick Holden                                       40     1   2  2  

Penalty Kill 4 Players Forward 
   Center                   Wing                     Time % Phy DF OF 
 1 Brock Nelson             Sam Reinhart             60     1   2  2  
 2 Kyle Turris              Oliver Bjorkstrand       40     1   2  2  

Penalty Kill 4 Players Defense
   Defense                  Defense                  Time % Phy DF OF 
 1 Brent Seabrook           Jack Johnson             60     1   2  2  
 2 Nikita Zadorov           Nick Holden              40     1   2  2  

Penalty Kill - 3 Players Forward 
   Forward                                           Time % Phy DF OF 
 1 Brock Nelson                                      60     1   2  2  
 2 Sam Reinhart                                      40     1   2  2  

Penalty Kill - 3 Players Defense
   Defense                  Defense                  Time % Phy DF OF 
 1 Brent Seabrook           Jack Johnson             60     1   2  2  
 2 Nikita Zadorov           Nick Holden              40     1   2  2  

4 vs 4 Forward 
   Center                   Wing                     Time % Phy DF OF 
 1 Brock Nelson             Sam Reinhart             60     1   2  2  
 2 Kyle Turris              Oliver Bjorkstrand       40     1   2  2  

4 vs 4 Defense
   Defense                  Defense                  Time % Phy DF OF 
 1 Brent Seabrook           Jack Johnson             60     1   2  2  
 2 Nikita Zadorov           Nick Holden              40     1   2  2  

Last Minutes Offensive
   Center                   Left Wing                Right Wing               Defense                  Defense                  
   Brock Nelson             Oliver Bjorkstrand       Sam Reinhart             Brent Seabrook           Jack Johnson             

Last Minutes Defensive
   Center                   Left Wing                Right Wing               Defense                  Defense                  
   Brock Nelson             Oliver Bjorkstrand       Sam Reinhart             Brent Seabrook           Jack Johnson             

Goaltenders
Starting : Braden Holtby            
Backup : Tristan Jarry            

Extra Forwards
Normal : Alexander Kerfoot, Max Comtois, Victor Rask - PP : Alexander Kerfoot, Max Comtois - PK : Victor Rask
Extra Defensemen
Normal : Devon Toews, Slater Koekkoek, Nikita Zadorov - PP : Devon Toews - PK : Slater Koekkoek, Nikita Zadorov
Penalty Shots
Brock Nelson, Sam Reinhart, Kyle Turris, Oliver Bjorkstrand, Michael Grabner

Scratches
Daniel Sprong (Healthy), VGK Cap Hit (Suspend)

TORONTO

5 vs 5 Forward 
   Center                   Left Wing                Right Wing               Time % Phy DF OF 
 1 Brayden Point            Ondrej Palat             Joe Pavelski             40     1   1  3  
 2 Mark Scheifele           Brady Tkachuk            Jeff Skinner             30     2   0  3  
 3 Nick Suzuki              Oskar Lindblom           Justin Williams          20     0   3  2  
 4 Curtis Lazar             Jordan Martinook         Ryan Reaves              10     2   2  1  

5 vs 5 Defense 
   Defense                  Defense                                           Time % Phy DF OF 
 1 Josh Morrissey           Alex Pietrangelo                                  40     1   2  2  
 2 Matt Niskanen            Kevin Shattenkirk                                 35     1   2  2  
 3 Ethan Bear               Jordie Benn                                       20     1   3  1  
 4 Alex Pietrangelo         Matt Niskanen                                     5      1   2  2  

PowerPlay Forward 
   Center                   Left Wing                Right Wing               Time % Phy DF OF 
 1 Mark Scheifele           Ondrej Palat             Brayden Point            60     1   1  3  
 2 Joe Pavelski             Brady Tkachuk            Jeff Skinner             40     1   1  3  

PowerPlay Defense
   Defense                  Defense                                           Time % Phy DF OF 
 1 Alex Pietrangelo         Kevin Shattenkirk                                 60     1   1  3  
 2 Matt Niskanen            Josh Morrissey                                    40     1   2  2  

Penalty Kill 4 Players Forward 
   Center                   Wing                     Time % Phy DF OF 
 1 Mark Scheifele           Ondrej Palat             60     1   3  1  
 2 Joe Pavelski             Jordan Martinook         40     0   3  2  

Penalty Kill 4 Players Defense
   Defense                  Defense                  Time % Phy DF OF 
 1 Alex Pietrangelo         Matt Niskanen            60     1   3  1  
 2 Ethan Bear               Jordie Benn              40     1   4  0  

Penalty Kill - 3 Players Forward 
   Forward                                           Time % Phy DF OF 
 1 Ondrej Palat                                      60     1   4  0  
 2 Jordan Martinook                                  40     1   4  0  

Penalty Kill - 3 Players Defense
   Defense                  Defense                  Time % Phy DF OF 
 1 Alex Pietrangelo         Matt Niskanen            60     1   4  0  
 2 Ethan Bear               Jordie Benn              40     1   4  0  

4 vs 4 Forward 
   Center                   Wing                     Time % Phy DF OF 
 1 Brayden Point            Ondrej Palat             60     1   2  2  
 2 Mark Scheifele           Brady Tkachuk            40     1   2  2  

4 vs 4 Defense
   Defense                  Defense                  Time % Phy DF OF 
 1 Josh Morrissey           Alex Pietrangelo         60     1   2  2  
 2 Matt Niskanen            Ethan Bear               40     1   2  2  

Last Minutes Offensive
   Center                   Left Wing                Right Wing               Defense                  Defense                  
   Mark Scheifele           Joe Pavelski             Brayden Point            Alex Pietrangelo         Kevin Shattenkirk        

Last Minutes Defensive
   Center                   Left Wing                Right Wing               Defense                  Defense                  
   Joe Pavelski             Ondrej Palat             Mark Scheifele           Alex Pietrangelo         Matt Niskanen            

Goaltenders
Starting : Jonathan Quick           
Backup : Anton Khudobin           

Extra Forwards
Normal : Joe Pavelski, Jordan Martinook, Oskar Lindblom - PP : Justin Williams, Oskar Lindblom - PK : Nick Suzuki
Extra Defensemen
Normal : Ethan Bear, Jordie Benn, Matt Niskanen - PP : Ethan Bear - PK : Jordie Benn, Alex Pietrangelo
Penalty Shots
Brayden Point, Mark Scheifele, Jeff Skinner, Ondrej Palat, Brady Tkachuk

Scratches
TOR Cap Hit (Suspend)

% Time on Ice - VEGAS

Lines # - Real PCT - Wanted PCT - Time Play
Normal Forward
1 - 28% - 35% - 13:11
2 - 29% - 30% - 13:45
3 - 28% - 25% - 13:14
4 - 16% - 10% - 7:31
Normal Defense
1 - 31% - 35% - 14:33
2 - 32% - 30% - 15:21
3 - 34% - 25% - 16:20
4 - 3% - 10% - 1:27
PP Forward
1 - 51% - 60% - 3:16
2 - 49% - 40% - 3:06
PP Defense
1 - 48% - 60% - 3:02
2 - 52% - 40% - 3:20
PK Forward
1 - 75% - 60% - 4:29
2 - 25% - 40% - 1:28
PK Defense
1 - 57% - 60% - 3:22
2 - 43% - 40% - 2:35
PK3 Forward
1 - 0% - 60%
2 - 0% - 40%
PK3 Defense
1 - 0% - 60%
2 - 0% - 40%
44 Forward
1 - 0% - 60%
2 - 0% - 40%
44 Defense
1 - 0% - 60%
2 - 0% - 40%
Last Minute Offensive  - 0:00
Last Minute Defensive  - 0:00
Total
Forward - 60:00
Defense - 60:00

% Time on Ice - TORONTO

Lines # - Real PCT - Wanted PCT - Time Play
Normal Forward
1 - 32% - 40% - 15:13
2 - 32% - 30% - 15:02
3 - 23% - 20% - 11:02
4 - 13% - 10% - 6:24
Normal Defense
1 - 35% - 40% - 16:47
2 - 30% - 35% - 14:24
3 - 31% - 20% - 14:49
4 - 4% - 5% - 1:41
PP Forward
1 - 47% - 60% - 2:49
2 - 53% - 40% - 3:08
PP Defense
1 - 57% - 60% - 3:23
2 - 43% - 40% - 2:34
PK Forward
1 - 69% - 60% - 4:23
2 - 31% - 40% - 1:59
PK Defense
1 - 51% - 60% - 3:16
2 - 49% - 40% - 3:06
PK3 Forward
1 - 0% - 60%
2 - 0% - 40%
PK3 Defense
1 - 0% - 60%
2 - 0% - 40%
44 Forward
1 - 0% - 60%
2 - 0% - 40%
44 Defense
1 - 0% - 60%
2 - 0% - 40%
Last Minute Offensive  - 0:00
Last Minute Defensive  - 0:00
Total
Forward - 60:00
Defense - 60:00

Play-by-Play

1st period


0:01 of 1st period - Brock Nelson wins face-off versus Brayden Point in neutral zone.
0:04 of 1st period - Shot by Oliver Bjorkstrand.
0:04 of 1st period - Shot Hit the Post.
0:16 of 1st period - Icing by Oliver Bjorkstrand.
0:17 of 1st period - Mark Scheifele wins face-off versus Brock Nelson in VEGAS zone.
0:27 of 1st period - Shot by Mark Scheifele.
0:27 of 1st period - Shot Misses the Net.
1:45 of 1st period - Ethan Bear is hit by Max Comtois and loses puck.
2:00 of 1st period - Devon Toews is hit by Ethan Bear and loses puck.
3:38 of 1st period - Nikita Zadorov is hit by Matt Niskanen and loses puck.
3:49 of 1st period - Shot by Oliver Bjorkstrand.
3:49 of 1st period - Shot Misses the Net.
3:59 of 1st period - Oliver Bjorkstrand is hit by Matt Niskanen and loses puck.
4:04 of 1st period - Shot by Sam Reinhart.
4:04 of 1st period - Shot Blocked by Curtis Lazar.
4:27 of 1st period - Josh Anderson is hit by Matt Niskanen and loses puck.
4:30 of 1st period - Shot by Michael Grabner.
4:30 of 1st period - Stopped by Jonathan Quick without a rebound.
4:31 of 1st period - Mark Scheifele wins face-off versus Kyle Turris in TORONTO zone.
5:00 of 1st period - Shot by Jeff Skinner.
5:00 of 1st period - Shot Misses the Net.
5:02 of 1st period - Shot by Mark Scheifele.
5:02 of 1st period - Shot Misses the Net.
5:04 of 1st period - Shot by Josh Morrissey.
5:04 of 1st period - Deflect By Brady Tkachuk.
5:04 of 1st period - Shot Misses the Net.
5:06 of 1st period - Shot by Alex Pietrangelo.
5:06 of 1st period - Shot Misses the Net.
5:12 of 1st period - Shot by Jeff Skinner.
5:12 of 1st period - Stopped by Braden Holtby without a rebound.
5:13 of 1st period - Alexander Kerfoot wins face-off versus Brayden Point in VEGAS zone.
6:17 of 1st period - Icing by Jayce Hawryluk.
6:18 of 1st period - Jeff Skinner wins face-off versus Alexander Kerfoot in VEGAS zone.
6:19 of 1st period - Shot by Brady Tkachuk.
6:19 of 1st period - Stopped by Braden Holtby without a rebound.
6:20 of 1st period - Mark Scheifele wins face-off versus Oliver Bjorkstrand in VEGAS zone.
6:49 of 1st period - Icing by Matt Niskanen.
6:50 of 1st period - Mark Scheifele wins face-off versus Kyle Turris in TORONTO zone.
7:49 of 1st period - Icing by Josh Anderson.
7:50 of 1st period - Kyle Turris wins face-off versus Nick Suzuki in VEGAS zone.
7:54 of 1st period - Off-side.
7:55 of 1st period - Brock Nelson wins face-off versus Nick Suzuki in neutral zone.
8:29 of 1st period - Icing by Brent Seabrook.
8:30 of 1st period - Brock Nelson wins face-off versus Brayden Point in VEGAS zone.
8:30 of 1st period - Brock Nelson is hit by Joe Pavelski.
8:33 of 1st period - Minor Penalty to Joe Pavelski for Hooking.
8:34 of 1st period - Kyle Turris wins face-off versus Mark Scheifele in TORONTO zone.
8:45 of 1st period - Mark Scheifele is hit by Josh Anderson and loses puck.
9:28 of 1st period - Shot by Oliver Bjorkstrand.
9:28 of 1st period - Stopped by Jonathan Quick with a rebound.
9:42 of 1st period - Brock Nelson is hit by Jordan Martinook and loses puck.
10:04 of 1st period - Shot by Nick Holden.
10:04 of 1st period - Goal by Nick Holden - VEGAS : 1 - TORONTO : 0.
10:05 of 1st period - Mark Scheifele wins face-off versus Alexander Kerfoot in neutral zone.
10:21 of 1st period - Off-side.
10:22 of 1st period - Victor Rask wins face-off versus Brayden Point in neutral zone.
10:46 of 1st period - Shot by Ondrej Palat.
10:46 of 1st period - Goal by Ondrej Palat - VEGAS : 1 - TORONTO : 1.
10:47 of 1st period - Mark Scheifele wins face-off versus Alexander Kerfoot in neutral zone.
11:19 of 1st period - Shot by Jeff Skinner.
11:19 of 1st period - Stopped by Braden Holtby without a rebound.
11:20 of 1st period - Brayden Point wins face-off versus Brock Nelson in VEGAS zone.
11:38 of 1st period - Minor Penalty to Josh Morrissey for Hooking.
11:39 of 1st period - Mark Scheifele wins face-off versus Kyle Turris in TORONTO zone.
11:54 of 1st period - Shot by Nikita Zadorov.
11:54 of 1st period - Shot Misses the Net.
11:56 of 1st period - Shot by Nick Holden.
11:56 of 1st period - Stopped by Jonathan Quick with a rebound.
12:31 of 1st period - Shot by Jack Johnson.
12:31 of 1st period - Goal by Jack Johnson - VEGAS : 2 - TORONTO : 1.
12:32 of 1st period - Alexander Kerfoot wins face-off versus Nick Suzuki in neutral zone.
13:39 of 1st period - Shot by Curtis Lazar.
13:39 of 1st period - Shot Blocked by Devon Toews.
15:01 of 1st period - Shot by Ondrej Palat.
15:01 of 1st period - Stopped by Braden Holtby with a rebound.
15:29 of 1st period - Oskar Lindblom is hit by Jack Johnson and loses puck.
16:24 of 1st period - Shot by Brock Nelson.
16:24 of 1st period - Goal by Brock Nelson - VEGAS : 3 - TORONTO : 1.
16:24 of 1st period - Anton Khudobin enters game.
16:25 of 1st period - Mark Scheifele wins face-off versus Kyle Turris in neutral zone.
17:06 of 1st period - Ethan Bear is hit by Josh Anderson and loses puck.
17:12 of 1st period - Jeff Skinner is hit by Nikita Zadorov and loses puck.
18:10 of 1st period - Icing by Alex Pietrangelo.
18:11 of 1st period - Brayden Point wins face-off versus Alexander Kerfoot in TORONTO zone.
18:26 of 1st period - Jayce Hawryluk is hit by Ondrej Palat and loses puck.
18:45 of 1st period - Shot by Kevin Shattenkirk.
18:45 of 1st period - Shot Blocked by Jack Johnson.
19:04 of 1st period - Shot by Matt Luff.
19:04 of 1st period - Shot Misses the Net.
Goals for this period are 3 for VEGAS vs 1 for TORONTO.
Shots for this period are 6 for VEGAS vs 5 for TORONTO.

2nd period


0:01 of 2nd period - Brock Nelson wins face-off versus Brayden Point in neutral zone.
0:08 of 2nd period - Icing by Alex Pietrangelo.
0:09 of 2nd period - Kyle Turris wins face-off versus Brayden Point in TORONTO zone.
0:09 of 2nd period - Jack Johnson is hit by Alex Pietrangelo and loses puck.
0:59 of 2nd period - Shot by Brock Nelson.
0:59 of 2nd period - Stopped by Anton Khudobin with a rebound.
1:01 of 2nd period - Shot by Sam Reinhart.
1:01 of 2nd period - Stopped by Anton Khudobin without a rebound.
1:02 of 2nd period - Mark Scheifele wins face-off versus Alexander Kerfoot in TORONTO zone.
1:38 of 2nd period - Jeff Skinner is hit by Devon Toews and loses puck.
2:34 of 2nd period - Sam Reinhart is hit by Ethan Bear and loses puck.
2:42 of 2nd period - Oliver Bjorkstrand is hit by Ethan Bear and loses puck.
3:37 of 2nd period - Off-side.
3:38 of 2nd period - Mark Scheifele wins face-off versus Victor Rask in neutral zone.
3:38 of 2nd period - Matt Niskanen is hit by Mikhail Grigorenko.
3:44 of 2nd period - Shot by Jeff Skinner.
3:44 of 2nd period - Deflect By Mark Scheifele.
3:44 of 2nd period - Stopped by Braden Holtby without a rebound.
3:45 of 2nd period - Victor Rask wins face-off versus Mark Scheifele in VEGAS zone.
5:13 of 2nd period - Kevin Shattenkirk is hit by Josh Anderson and loses puck.
5:24 of 2nd period - Shot by Josh Anderson.
5:24 of 2nd period - Goal by Josh Anderson - VEGAS : 4 - TORONTO : 1.
5:25 of 2nd period - Jayce Hawryluk wins face-off versus Brayden Point in neutral zone.
8:12 of 2nd period - Shot by Matt Luff.
8:12 of 2nd period - Deflect By Victor Rask.
8:12 of 2nd period - Shot Hit the Post.
8:32 of 2nd period - Shot by Mark Scheifele.
8:32 of 2nd period - Shot Misses the Net.
8:38 of 2nd period - Shot by Mark Scheifele.
8:38 of 2nd period - Deflect By Brady Tkachuk.
8:38 of 2nd period - Stopped by Braden Holtby without a rebound.
8:39 of 2nd period - Alexander Kerfoot wins face-off versus Nick Suzuki in VEGAS zone.
8:39 of 2nd period - Alexander Kerfoot is hit by Oskar Lindblom.
9:54 of 2nd period - Michael Grabner is hit by Alex Pietrangelo and loses puck.
10:01 of 2nd period - Shot by Alex Pietrangelo.
10:01 of 2nd period - Stopped by Braden Holtby without a rebound.
10:02 of 2nd period - Sam Reinhart wins face-off versus Brayden Point in VEGAS zone.
10:51 of 2nd period - Shot by Jordan Martinook.
10:51 of 2nd period - Shot Misses the Net.
10:53 of 2nd period - Shot by Jordan Martinook.
10:53 of 2nd period - Shot Blocked by Jack Johnson.
10:55 of 2nd period - Shot by Curtis Lazar.
10:55 of 2nd period - Shot Misses the Net.
11:01 of 2nd period - Shot by Ryan Reaves.
11:01 of 2nd period - Shot Misses the Net.
11:03 of 2nd period - Shot by Curtis Lazar.
11:03 of 2nd period - Stopped by Braden Holtby without a rebound.
11:04 of 2nd period - Mark Scheifele wins face-off versus Michael Grabner in VEGAS zone.
11:11 of 2nd period - Shot by Mark Scheifele.
11:11 of 2nd period - Shot Misses the Net.
11:20 of 2nd period - Shot by Kyle Turris.
11:20 of 2nd period - Shot Misses the Net.
11:22 of 2nd period - Shot by Nikita Zadorov.
11:22 of 2nd period - Shot Misses the Net.
11:24 of 2nd period - Shot by Josh Anderson.
11:24 of 2nd period - Shot Misses the Net.
11:36 of 2nd period - Shot by Kyle Turris.
11:36 of 2nd period - Deflect By Michael Grabner.
11:36 of 2nd period - Stopped by Anton Khudobin without a rebound.
11:37 of 2nd period - Alexander Kerfoot wins face-off versus Brayden Point in TORONTO zone.
11:41 of 2nd period - Jayce Hawryluk is hit by Josh Morrissey.
11:56 of 2nd period - Icing by Devon Toews.
11:57 of 2nd period - Nick Suzuki wins face-off versus Alexander Kerfoot in VEGAS zone.
12:17 of 2nd period - Oskar Lindblom is hit by Slater Koekkoek and loses puck.
13:44 of 2nd period - Sam Reinhart is hit by Kevin Shattenkirk and loses puck.
13:47 of 2nd period - Shot by Oliver Bjorkstrand.
13:47 of 2nd period - Shot Misses the Net.
13:49 of 2nd period - Shot by Jack Johnson.
13:49 of 2nd period - Stopped by Anton Khudobin without a rebound.
13:50 of 2nd period - Curtis Lazar wins face-off versus Kyle Turris in TORONTO zone.
14:01 of 2nd period - Shot by Matt Niskanen.
14:01 of 2nd period - Stopped by Braden Holtby without a rebound.
14:02 of 2nd period - Victor Rask wins face-off versus Mark Scheifele in VEGAS zone.
14:04 of 2nd period - Nick Holden is hit by Brady Tkachuk and loses puck.
14:51 of 2nd period - Shot by Brock Nelson.
14:51 of 2nd period - Shot Misses the Net.
14:52 of 2nd period - Minor Penalty to Jordie Benn for Tripping.
14:53 of 2nd period - Kyle Turris wins face-off versus Mark Scheifele in TORONTO zone.
14:54 of 2nd period - Shot by Michael Grabner.
14:54 of 2nd period - Shot Misses the Net.
14:56 of 2nd period - Shot by Brent Seabrook.
14:56 of 2nd period - Shot Blocked by Alex Pietrangelo.
15:00 of 2nd period - Shot by Brent Seabrook.
15:00 of 2nd period - Shot Misses the Net.
15:02 of 2nd period - Shot by Jack Johnson.
15:02 of 2nd period - Stopped by Anton Khudobin without a rebound.
15:03 of 2nd period - Brock Nelson wins face-off versus Mark Scheifele in TORONTO zone.
15:06 of 2nd period - Shot by Sam Reinhart.
15:06 of 2nd period - Stopped by Anton Khudobin without a rebound.
15:07 of 2nd period - Brock Nelson wins face-off versus Ondrej Palat in TORONTO zone.
15:36 of 2nd period - Shot by Brock Nelson.
15:36 of 2nd period - Stopped by Anton Khudobin with a rebound.
15:44 of 2nd period - Shot by Jack Johnson.
15:44 of 2nd period - Shot Misses the Net.
16:18 of 2nd period - Icing by Nikita Zadorov.
16:19 of 2nd period - Kyle Turris wins face-off versus Mark Scheifele in VEGAS zone.
16:52 of 2nd period - Minor Penalty to Josh Morrissey for Hooking.
16:53 of 2nd period - Sam Reinhart wins face-off versus Joe Pavelski in TORONTO zone.
16:59 of 2nd period - Off-side.
17:00 of 2nd period - Joe Pavelski wins face-off versus Kyle Turris in neutral zone.
17:09 of 2nd period - Shot by Kyle Turris.
17:09 of 2nd period - Shot Misses the Net.
17:11 of 2nd period - Shot by Michael Grabner.
17:11 of 2nd period - Stopped by Anton Khudobin with a rebound.
17:39 of 2nd period - Shot by Brent Seabrook.
17:39 of 2nd period - Deflect By Sam Reinhart.
17:39 of 2nd period - Stopped by Anton Khudobin without a rebound.
17:40 of 2nd period - Mark Scheifele wins face-off versus Brock Nelson in TORONTO zone.
18:05 of 2nd period - Shot by Sam Reinhart.
18:05 of 2nd period - Shot Misses the Net.
18:07 of 2nd period - Shot by Brent Seabrook.
18:07 of 2nd period - Stopped by Anton Khudobin without a rebound.
18:08 of 2nd period - Mark Scheifele wins face-off versus Brock Nelson in TORONTO zone.
18:51 of 2nd period - Shot by Kyle Turris.
18:51 of 2nd period - Stopped by Anton Khudobin without a rebound.
18:52 of 2nd period - Nick Suzuki wins face-off versus Alexander Kerfoot in TORONTO zone.
18:52 of 2nd period - Nick Suzuki is hit by Jayce Hawryluk.
19:03 of 2nd period - Oskar Lindblom is hit by Slater Koekkoek and loses puck.
19:09 of 2nd period - Devon Toews is hit by Josh Morrissey and loses puck.
19:16 of 2nd period - Shot by Alexander Kerfoot.
19:16 of 2nd period - Shot Misses the Net.
19:18 of 2nd period - Shot by Alexander Kerfoot.
19:18 of 2nd period - Stopped by Anton Khudobin with a rebound.
19:20 of 2nd period - Shot by Jayce Hawryluk.
19:20 of 2nd period - Stopped by Anton Khudobin without a rebound.
19:21 of 2nd period - Kyle Turris wins face-off versus Curtis Lazar in TORONTO zone.
19:36 of 2nd period - Shot by Michael Grabner.
19:36 of 2nd period - Stopped by Anton Khudobin without a rebound.
19:37 of 2nd period - Brady Tkachuk wins face-off versus Victor Rask in TORONTO zone.
19:43 of 2nd period - Brady Tkachuk is hit by Nikita Zadorov and loses puck.
Goals for this period are 1 for VEGAS vs 0 for TORONTO.
Shots for this period are 15 for VEGAS vs 5 for TORONTO.

3rd period


0:01 of 3rd period - Sam Reinhart wins face-off versus Brayden Point in neutral zone.
0:13 of 3rd period - Off-side.
0:14 of 3rd period - Mark Scheifele wins face-off versus Michael Grabner in neutral zone.
0:20 of 3rd period - Shot by Jeff Skinner.
0:20 of 3rd period - Shot Misses the Net.
0:48 of 3rd period - Shot by Mark Scheifele.
0:48 of 3rd period - Shot Misses the Net.
0:49 of 3rd period - Minor Penalty to Nikita Zadorov for Hooking.
0:50 of 3rd period - Mark Scheifele wins face-off versus Brock Nelson in VEGAS zone.
2:02 of 3rd period - Shot by Matt Niskanen.
2:02 of 3rd period - Stopped by Braden Holtby without a rebound.
2:03 of 3rd period - Joe Pavelski wins face-off versus Kyle Turris in VEGAS zone.
2:16 of 3rd period - Shot by Jeff Skinner.
2:16 of 3rd period - Stopped by Braden Holtby without a rebound.
2:17 of 3rd period - Joe Pavelski wins face-off versus Brock Nelson in VEGAS zone.
2:48 of 3rd period - Nick Holden is hit by Brady Tkachuk and loses puck.
3:14 of 3rd period - Icing by Jayce Hawryluk.
3:15 of 3rd period - Curtis Lazar wins face-off versus Alexander Kerfoot in VEGAS zone.
4:26 of 3rd period - Ondrej Palat is hit by Jack Johnson and loses puck.
4:34 of 3rd period - Icing by Jack Johnson.
4:35 of 3rd period - Mark Scheifele wins face-off versus Josh Anderson in VEGAS zone.
4:42 of 3rd period - Shot by Jeff Skinner.
4:42 of 3rd period - Stopped by Braden Holtby with a rebound.
5:04 of 3rd period - Mark Scheifele is hit by Josh Anderson and loses puck.
5:08 of 3rd period - Icing by Kevin Shattenkirk.
5:09 of 3rd period - Brock Nelson wins face-off versus Mark Scheifele in TORONTO zone.
5:24 of 3rd period - Shot by Brock Nelson.
5:24 of 3rd period - Shot Misses the Net.
5:39 of 3rd period - Ondrej Palat is hit by Nikita Zadorov and loses puck.
6:38 of 3rd period - Shot by Nick Suzuki.
6:38 of 3rd period - Shot Misses the Net.
6:40 of 3rd period - Shot by Oskar Lindblom.
6:40 of 3rd period - Shot Misses the Net.
6:58 of 3rd period - Shot by Oskar Lindblom.
6:58 of 3rd period - Stopped by Braden Holtby without a rebound.
6:59 of 3rd period - Alexander Kerfoot wins face-off versus Curtis Lazar in VEGAS zone.
7:01 of 3rd period - Icing by Slater Koekkoek.
7:02 of 3rd period - Alexander Kerfoot wins face-off versus Mark Scheifele in VEGAS zone.
9:24 of 3rd period - Michael Grabner is hit by Joe Pavelski and loses puck.
9:30 of 3rd period - Icing by Jack Johnson.
9:31 of 3rd period - Nick Suzuki wins face-off versus Michael Grabner in VEGAS zone.
9:55 of 3rd period - Ethan Bear is hit by Nikita Zadorov and loses puck.
10:34 of 3rd period - Nick Holden is hit by Brady Tkachuk and loses puck.
10:49 of 3rd period - Minor Penalty to Nick Holden for Hooking.
10:50 of 3rd period - Joe Pavelski wins face-off versus Brock Nelson in VEGAS zone.
11:03 of 3rd period - Shot by Jeff Skinner.
11:03 of 3rd period - Stopped by Braden Holtby with a rebound.
11:30 of 3rd period - Icing by Josh Morrissey.
11:31 of 3rd period - Mark Scheifele wins face-off versus Brock Nelson in TORONTO zone.
12:00 of 3rd period - Shot by Mark Scheifele.
12:00 of 3rd period - Stopped by Braden Holtby without a rebound.
12:01 of 3rd period - Brock Nelson wins face-off versus Joe Pavelski in VEGAS zone.
12:30 of 3rd period - Shot by Jeff Skinner.
12:30 of 3rd period - Shot Misses the Net.
12:40 of 3rd period - Shot by Oliver Bjorkstrand.
12:40 of 3rd period - Stopped by Anton Khudobin with a rebound.
13:01 of 3rd period - Shot by Oskar Lindblom.
13:01 of 3rd period - Shot Blocked by Nick Holden.
13:03 of 3rd period - Shot by Ethan Bear.
13:03 of 3rd period - Shot Misses the Net.
13:15 of 3rd period - Justin Williams is hit by Matt Luff and loses puck.
13:51 of 3rd period - Icing by Matt Niskanen.
13:52 of 3rd period - Kyle Turris wins face-off versus Curtis Lazar in TORONTO zone.
13:59 of 3rd period - Shot by Michael Grabner.
13:59 of 3rd period - Shot Misses the Net.
14:02 of 3rd period - Minor Penalty to Josh Anderson for Hooking.
14:03 of 3rd period - Brock Nelson wins face-off versus Mark Scheifele in VEGAS zone.
14:03 of 3rd period - Brock Nelson is hit by Mark Scheifele.
14:41 of 3rd period - Shot by Mark Scheifele.
14:41 of 3rd period - Shot Misses the Net.
14:43 of 3rd period - Shot by Matt Niskanen.
14:43 of 3rd period - Shot Blocked by Jack Johnson.
15:03 of 3rd period - Shot by Alex Pietrangelo.
15:03 of 3rd period - Deflect By Brady Tkachuk.
15:03 of 3rd period - Stopped by Braden Holtby without a rebound.
15:04 of 3rd period - Kyle Turris wins face-off versus Joe Pavelski in VEGAS zone.
15:19 of 3rd period - Shot by Jeff Skinner.
15:19 of 3rd period - Stopped by Braden Holtby without a rebound.
15:20 of 3rd period - Brock Nelson wins face-off versus Mark Scheifele in VEGAS zone.
15:35 of 3rd period - Shot by Josh Morrissey.
15:35 of 3rd period - Shot Misses the Net.
15:37 of 3rd period - Shot by Matt Niskanen.
15:37 of 3rd period - Shot Misses the Net.
15:39 of 3rd period - Shot by Josh Morrissey.
15:39 of 3rd period - Stopped by Braden Holtby without a rebound.
15:40 of 3rd period - Kyle Turris wins face-off versus Joe Pavelski in VEGAS zone.
15:46 of 3rd period - Icing by Joe Pavelski.
15:47 of 3rd period - Joe Pavelski wins face-off versus Brock Nelson in TORONTO zone.
15:54 of 3rd period - Shot by Alex Pietrangelo.
15:54 of 3rd period - Shot Misses the Net.
16:16 of 3rd period - Shot by Nick Suzuki.
16:16 of 3rd period - Stopped by Braden Holtby with a rebound.
16:19 of 3rd period - Icing by Devon Toews.
16:20 of 3rd period - Alexander Kerfoot wins face-off versus Mark Scheifele in VEGAS zone.
16:20 of 3rd period - Alexander Kerfoot is hit by Brady Tkachuk.
16:42 of 3rd period - Shot by Brady Tkachuk.
16:42 of 3rd period - Goal by Brady Tkachuk - VEGAS : 4 - TORONTO : 2.
16:43 of 3rd period - Kyle Turris wins face-off versus Ondrej Palat in neutral zone.
16:50 of 3rd period - Shot by Kyle Turris.
16:50 of 3rd period - Stopped by Anton Khudobin without a rebound.
16:51 of 3rd period - Brock Nelson wins face-off versus Brayden Point in TORONTO zone.
16:55 of 3rd period - Oliver Bjorkstrand is hit by Josh Morrissey and loses puck.
17:01 of 3rd period - Brock Nelson is hit by Josh Morrissey and loses puck.
17:19 of 3rd period - Ondrej Palat is hit by Jack Johnson and loses puck.
17:52 of 3rd period - Shot by Mark Scheifele.
17:52 of 3rd period - Shot Blocked by Michael Grabner.
17:58 of 3rd period - Shot by Mark Scheifele.
17:58 of 3rd period - Stopped by Braden Holtby with a rebound.
18:00 of 3rd period - Shot by Matt Niskanen.
18:00 of 3rd period - Shot Blocked by Nick Holden.
18:02 of 3rd period - Shot by Mark Scheifele.
18:02 of 3rd period - Stopped by Braden Holtby without a rebound.
18:03 of 3rd period - Nick Suzuki wins face-off versus Jayce Hawryluk in VEGAS zone.
18:15 of 3rd period - Icing by Oskar Lindblom.
18:16 of 3rd period - Victor Rask wins face-off versus Nick Suzuki in TORONTO zone.
18:19 of 3rd period - Shot by Victor Rask.
18:19 of 3rd period - Stopped by Anton Khudobin without a rebound.
18:20 of 3rd period - Kyle Turris wins face-off versus Mark Scheifele in TORONTO zone.
18:33 of 3rd period - Icing by Nick Holden.
18:34 of 3rd period - Brayden Point wins face-off versus Kyle Turris in VEGAS zone.
18:39 of 3rd period - Shot by Joe Pavelski.
18:39 of 3rd period - Stopped by Braden Holtby with a rebound.
19:01 of 3rd period - Shot by Brayden Point.
19:01 of 3rd period - Stopped by Braden Holtby with a rebound.
19:03 of 3rd period - Shot by Joe Pavelski.
19:03 of 3rd period - Stopped by Braden Holtby with a rebound.
19:05 of 3rd period - Shot by Josh Morrissey.
19:05 of 3rd period - Shot Hit the Post.
Goals for this period are 0 for VEGAS vs 1 for TORONTO.
Shots for this period are 3 for VEGAS vs 16 for TORONTO.